[Event "Titled Tuesday Blitz June 13 Early 2023"]
[White "Sovetbekova, Nurai"]
[Black "Sailer, Mike"]
[WhiteFideId "13801910"]
[BlackFideId "2012901"]
[WhiteElo "1857"]
[BlackElo "2109"]
[Result "1-0"]
[Round "8"]
[TimeControl "180+2"]
[Date "2023.06.13"]
[WhiteClock "0:00:16"]
[BlackClock "0:00:00"]
[Board "163"]

1. d4 d5 2. c4 c6 3. Nf3 Nf6 4. g3 a6 5. Bg2 b5 6. b3 Bf5 7. O-O e6 8. Nc3 Be7 9. Nd2 O-O 10. e4 dxe4 11. Ndxe4 Nxe4 12. Nxe4 Nd7 13. Bb2 Rc8 14. d5 cxd5 15. cxd5 exd5 16. Qxd5 Bxe4 17. Qxe4 Nf6 18. Qb7 Qd2 19. Rab1 Rc2 20. Bc1 Qe2 21. Be3 Bb4 22. Bf3 Qd3 23. Qxa6 h5 24. Rbd1 Qc3 25. Bd4 Qxf3 26. Qxb5 Be7 27. Rde1 Bd8 28. Re3 Qg4 29. Bc5 h4 30. Bxf8 Kxf8 31. Qb8 Qd7 32. Rfe1 1-0


[Site "https://www.chess.com"]

[Event "Titled Tuesday Blitz June 13 Early 2023"]
[White "Simonovic, Miroslav"]
[Black "Samarth J Rao"]
[WhiteFideId "919152"]
[BlackFideId "46652370"]
[WhiteElo "2075"]
[BlackElo "1564"]
[Result "0-1"]
[Round "8"]
[TimeControl "180+2"]
[Date "2023.06.13"]
[WhiteClock "0:00:15"]
[BlackClock "0:00:14"]
[Board "164"]

1. d4 Nf6 2. Bg5 e6 3. e4 Be7 4. Bd3 g6 5. Bxf6 Bxf6 6. e5 Bg7 7. h4 h5 8. g4 c5 9. c3 cxd4 10. cxd4 Nc6 11. Be4 Qb6 12. Bxc6 bxc6 13. Qd2 c5 14. f4 hxg4 15. Ne2 Bb7 16. Rh2 Bf3 17. Nbc3 Rb8 18. dxc5 Qxb2 19. Qxb2 Rxb2 20. O-O-O Rb4 21. Rd4 a5 22. a3 g3 23. Rh3 Rxd4 24. Nxd4 Ba8 25. Rxg3 Rxh4 26. Ncb5 Bh6 27. Nc7+ Ke7 28. Ne2 Bc6 29. Kd2 Rh5 30. Ke3 Rxe5+ 31. Kf2 Rxc5 32. Nd4 Bg7 33. Nxc6+ dxc6 34. Rd3 Rc2+ 35. Ke1 Rc3 36. Rd1 e5 37. Na6 exf4 38. a4 Re3+ 39. Kf1 Re5 40. Nc7 g5 41. Re1 Rxe1+ 42. Kxe1 Be5 43. Na6 Bd6 44. Ke2 Kd8 45. Kf3 f5 46. Kf2 Kc8 47. Kg2 Kb7 48. Nc5+ Bxc5 49. Kf3 Bd6 50. Kg2 g4 51. Kf1 Kb6 52. Kg1 Kc5 53. Kf1 Kb4 54. Ke2 Kxa4 55. Kf2 Kb5 56. Ke2 Kc4 57. Kd2 Kd4 58. Kc2 Kc4 59. Kd2 Bc5 60. Ke2 Be3 61. Kd1 Kd3 62. Ke1 g3 63. Kf1 f3 64. Ke1 g2 65. Kd1 g1=Q# 0-1


[Site "https://www.chess.com"]

[Event "Titled Tuesday Blitz June 13 Early 2023"]
[White "Lisjak, Zlatko"]
[Black "Gonzalez Vega, Alejandro"]
[WhiteFideId "14502186"]
[BlackFideId "3510042"]
[WhiteElo "1998"]
[BlackElo "2301"]
[Result "0-1"]
[Round "8"]
[TimeControl "180+2"]
[Date "2023.06.13"]
[WhiteClock "0:00:00"]
[BlackClock "0:00:22"]
[Board "165"]

1. d4 d5 2. Nc3 Nf6 3. Bf4 c6 4. e3 e6 5. Nf3 Nbd7 6. Bd3 Be7 7. g4 Qb6 8. a3 a5 9. g5 Nh5 10. h4 g6 11. Bh2 a4 12. Rb1 h6 13. e4 hxg5 14. hxg5 Qa5 15. Qd2 b6 16. exd5 cxd5 17. Nb5 Qxd2+ 18. Kxd2 Ra5 19. Nd6+ Bxd6 20. Bxd6 Ba6 21. Bb4 Bxd3 22. Bxa5 Be4 23. Rh3 bxa5 24. b4 axb3 25. Rxb3 Ke7 26. Rb7 Kd6 27. Ne1 Rc8 28. Rc3 Rxc3 29. Kxc3 Nf4 30. Kb2 Ne2 31. Kb3 Nxd4+ 32. Kb2 Kc6 33. c3 Kxb7 34. cxd4 Kb6 35. a4 Nb8 36. Kc3 Nc6 37. f3 Bf5 38. Ng2 Nb4 39. Nf4 Nc6 40. Ne2 Ne7 41. Nc1 Nc8 42. Nb3 Nd6 43. Nc5 Nc4 44. Nd7+ Ka7 45. Ne5 Nxe5 46. dxe5 Kb6 47. Kd4 Kc6 48. f4 Kb6 49. Kc3 Kc5 50. Kd2 Kb4 0-1


[Site "https://www.chess.com"]

[Event "Titled Tuesday Blitz June 13 Early 2023"]
[White "Necula, Iulian"]
[Black "babbilator"]
[WhiteFideId "1232380"]
[WhiteElo "1790"]
[BlackElo "2297"]
[Result "1-0"]
[Round "8"]
[TimeControl "180+2"]
[Date "2023.06.13"]
[WhiteClock "0:00:58"]
[BlackClock "0:00:12"]
[Board "166"]

1. d4 Nf6 2. Nc3 d5 3. Bf4 a6 4. e3 c5 5. Nf3 Nc6 6. Be2 e6 7. O-O Be7 8. Ne5 O-O 9. Nxc6 bxc6 10. dxc5 Bxc5 11. Na4 Be7 12. c4 Bd7 13. c5 Qa5 14. Rc1 Ne4 15. Nb6 Rad8 16. a3 f6 17. Bc7 Be8 18. Bxd8 Bxd8 19. b4 Qxa3 20. Bd3 Bxb6 21. Bxe4 dxe4 22. cxb6 Qxb4 23. Rb1 Qe7 24. b7 1-0


[Site "https://www.chess.com"]

[Event "Titled Tuesday Blitz June 13 Early 2023"]
[White "Castillo Pena, Patricia Evarista"]
[Black "Rodriguez Santiago, Jaime"]
[WhiteFideId "6412106"]
[BlackFideId "3100898"]
[WhiteElo "1859"]
[BlackElo "2025"]
[Result "0-1"]
[Round "8"]
[TimeControl "180+2"]
[Date "2023.06.13"]
[WhiteClock "0:00:00"]
[BlackClock "0:01:51"]
[Board "167"]

1. d4 Nf6 2. Nf3 d5 3. e3 c5 4. Bd3 c4 5. Be2 Bg4 6. b3 cxb3 7. axb3 Nc6 8. Bb2 e6 9. O-O Bd6 10. h3 Bh5 11. Ne5 Bxe2 12. Qxe2 O-O 13. Nd2 a6 14. c4 Rc8 15. c5 Bb8 16. Nxc6 Rxc6 17. b4 b5 0-1


[Site "https://www.chess.com"]

[Event "Titled Tuesday Blitz June 13 Early 2023"]
[White "Vargas, Mauricio"]
[Black "Ramirez Vido, Robert Yorisan"]
[WhiteFideId "4404572"]
[BlackFideId "3513823"]
[WhiteElo "1986"]
[BlackElo "2363"]
[Result "0-1"]
[Round "8"]
[TimeControl "180+2"]
[Date "2023.06.13"]
[WhiteClock "0:00:40"]
[BlackClock "0:00:10"]
[Board "168"]

1. e4 d6 2. f4 Nf6 3. Nc3 g6 4. Nf3 Bg7 5. Bb5+ c6 6. Ba4 b5 7. Bb3 b4 8. e5 bxc3 9. exf6 cxd2+ 10. Qxd2 Bxf6 11. O-O O-O 12. c3 Nd7 13. Re1 Nc5 14. Bc2 Qb6 15. Kh1 Bg4 16. Qf2 Ne6 17. h3 Qxf2 18. hxg4 Qg3 19. g5 Bg7 20. f5 Nf4 21. Bxf4 Qxf4 22. fxg6 fxg6 23. Rxe7 Rf7 24. Bb3 d5 25. Re6 Raf8 26. Rxc6 Qe4 27. Re1 Qxe1+ 28. Nxe1 Rf1+ 29. Kh2 Be5+ 30. Kh3 Rxe1 31. Bxd5+ Kh8 32. c4 Rh1+ 33. Kg4 Rf4+ 34. Kg3 Rxc4+ 35. Kf3 Rxc6 36. Bxc6 Rc1 37. Bd5 Bxb2 38. Ke4 Rc2 39. Kd3 Rf2 40. Bf3 Bc1 41. a4 Bxg5 42. Kc4 Be3 43. Kb5 Rxf3 44. gxf3 h5 45. Kc4 h4 46. Kd3 h3 47. Kxe3 h2 48. Kf2 h1=Q 49. a5 Qa1 50. a6 Qxa6 51. Kg3 Qb6 52. Kg4 a5 53. Kg5 a4 54. f4 a3 55. Kg4 a2 56. Kg5 a1=Q 57. Kh6 Qh1+ 58. Kg5 Qc5+ 59. Kxg6 Qg2+ 60. Kf6 Qd6+ 61. Kf5 Qgg6# 0-1


[Site "https://www.chess.com"]

[Event "Titled Tuesday Blitz June 13 Early 2023"]
[White "Fabris, Alberto"]
[Black "Chuemsakul, Sarocha"]
[WhiteFideId "801348"]
[BlackFideId "6203710"]
[WhiteElo "2174"]
[BlackElo "1686"]
[Result "0-1"]
[Round "8"]
[TimeControl "180+2"]
[Date "2023.06.13"]
[WhiteClock "0:00:00"]
[BlackClock "0:01:44"]
[Board "169"]

1. e4 g6 2. d4 Bg7 3. c4 d6 4. Nc3 Nc6 5. Be3 e5 6. Nge2 Nge7 7. d5 Nb8 8. Qd2 Nd7 9. f3 O-O 10. g4 f5 11. gxf5 gxf5 12. Bh3 f4 13. Bf2 Ng6 14. O-O-O Bf6 15. Rdg1 Bh4 16. Qe1 Kh8 17. Bf5 Bxf2 18. Qxf2 Nh4 19. Be6 Nc5 20. Kc2 Nxe6 21. dxe6 Bxe6 22. b3 Ng6 23. h4 a6 24. h5 Ne7 25. Nd5 b5 26. Nec3 bxc4 27. bxc4 c6 28. Nb6 Rb8 29. Nca4 Nc8 30. Rb1 Nxb6 31. Nxb6 Rf7 32. a4 a5 33. Rhg1 Rfb7 34. Qg2 Qf8 35. c5 dxc5 36. Nc4 Rxb1 37. Rxb1 Rxb1 38. Kxb1 Bxc4 39. Qg5 Qg7 40. Qd8+ Bg8 41. Kc2 Qf7 0-1


[Site "https://www.chess.com"]

[Event "Titled Tuesday Blitz June 13 Early 2023"]
[White "De Souza, Cristiano Gomes"]
[Black "Clawitter, Craig"]
[WhiteFideId "2151758"]
[BlackFideId "2023105"]
[WhiteElo "2068"]
[BlackElo "2236"]
[Result "1-0"]
[Round "8"]
[TimeControl "180+2"]
[Date "2023.06.13"]
[WhiteClock "0:00:40"]
[BlackClock "0:00:09"]
[Board "170"]

1. d4 e6 2. c4 Nf6 3. Nf3 d5 4. Nc3 dxc4 5. Bg5 c5 6. e4 b5 7. Nxb5 Qa5+ 8. Nc3 cxd4 9. Qxd4 Be7 10. Bxc4 O-O 11. O-O Nc6 12. Qe3 Bb7 13. Rfd1 Rfd8 14. h3 Rac8 15. Rxd8+ Rxd8 16. Rd1 Rxd1+ 17. Nxd1 Bc5 18. Qe2 Nd4 19. Nxd4 Bxd4 20. Bd2 Qc5 21. Bd3 e5 22. Bc3 h6 23. Kf1 Nd7 24. f3 Qd6 25. Bxd4 Qxd4 26. Nc3 Nc5 27. Bc4 a5 28. a3 a4 29. Bd5 Ba6 30. Nb5 Bxb5 31. Qxb5 Nd3 32. Ke2 Nf4+ 33. Ke1 Qe3+ 34. Kd1 Nxg2 35. Qe8+ Kh7 36. Qxf7 Qe1+ 37. Kc2 Ne3+ 38. Kd3 Qf2 39. Qg8+ Kg6 40. Qe8+ Kg5 41. Qxe5+ Kh4 42. Qf4+ Kxh3 43. Qxe3 Qxe3+ 44. Kxe3 h5 45. f4 h4 46. e5 Kg3 47. f5 h3 48. f6 gxf6 49. exf6 h2 50. f7 h1=Q 51. Bxh1 Kh2 52. Bc6 Kg1 53. f8=Q Kh2 54. Qf4+ Kg1 55. Qg3+ Kf1 56. Bb5# 1-0


[Site "https://www.chess.com"]

[Event "Titled Tuesday Blitz June 13 Early 2023"]
[White "Kriti Mayur Patel"]
[Black "Hartikainen, Jarmo"]
[WhiteFideId "35061780"]
[BlackFideId "503134"]
[WhiteElo "1306"]
[BlackElo "2120"]
[Result "0-1"]
[Round "8"]
[TimeControl "180+2"]
[Date "2023.06.13"]
[WhiteClock "0:02:39"]
[BlackClock "0:02:11"]
[Board "171"]

1. e4 c5 2. d4 cxd4 3. c3 d5 4. exd5 Qxd5 5. cxd4 Nc6 6. Nf3 Bg4 7. Nc3 Bxf3 8. Nxd5 Bxd1 9. Nc7+ Kd8 10. Nxa8 Bh5 11. d5 Nd4 12. Be3 e5 13. dxe6 Bb4+ 14. Bd2 Nc2# 0-1


[Site "https://www.chess.com"]

[Event "Titled Tuesday Blitz June 13 Early 2023"]
[White "Mazarini41"]
[Black "Luxama, Jacques Muller"]
[BlackFideId "11900113"]
[WhiteElo "2526"]
[BlackElo "1931"]
[Result "1-0"]
[Round "8"]
[TimeControl "180+2"]
[Date "2023.06.13"]
[WhiteClock "0:00:32"]
[BlackClock "0:00:00"]
[Board "172"]

1. Nf3 Nf6 2. g3 g6 3. Bg2 Bg7 4. O-O O-O 5. d4 c5 6. d5 d6 7. Nc3 a6 8. a4 Nbd7 9. Nd2 b6 10. e4 Rb8 11. Nc4 Qc7 12. Na3 e6 13. h3 exd5 14. exd5 Re8 15. Be3 Rxe3 16. fxe3 Bh6 17. e4 Kg7 18. Qe2 Ne5 19. Nc4 Nxc4 20. Qxc4 Qd7 21. Rf2 Be3 22. Rf1 b5 23. axb5 axb5 24. Qd3 Bxf2+ 25. Rxf2 b4 26. Nd1 Qe7 27. Ne3 Qe5 28. Nc4 Qe7 29. Qf3 Ba6 30. Na5 Bb5 31. c4 Be8 32. g4 Ra8 33. Nc6 Bxc6 34. dxc6 Qe5 35. h4 1-0


[Site "https://www.chess.com"]

[Event "Titled Tuesday Blitz June 13 Early 2023"]
[White "Kiseljova, Marya"]
[Black "Pein, Jonathan"]
[WhiteFideId "4155009"]
[BlackFideId "417092"]
[WhiteElo "1831"]
[BlackElo "2151"]
[Result "0-1"]
[Round "8"]
[TimeControl "180+2"]
[Date "2023.06.13"]
[WhiteClock "0:00:00"]
[BlackClock "0:00:08"]
[Board "173"]

1. d4 d6 2. e4 Nf6 3. Nc3 e5 4. dxe5 dxe5 5. Qxd8+ Kxd8 6. Bg5 c6 7. f4 h6 8. Bh4 Nd7 9. O-O-O Ke8 10. g3 Bb4 11. Bg2 Ng4 12. Rd2 Bc5 13. Nh3 Be3 14. Rd1 exf4 15. gxf4 Nb6 16. Kb1 Bxd2 17. Rxd2 Bd7 18. Bf3 g5 19. Bg3 Nc4 20. Rxd7 Kxd7 21. Bxg4+ Ke7 22. fxg5 hxg5 23. Nf2 f6 24. b3 Ne5 25. Bf5 Rad8 26. Kb2 b6 27. Ng4 Nxg4 28. Bxg4 Rd2 29. Bf5 Rdxh2 30. Bxh2 Rxh2 31. Nd1 Re2 32. Kc3 Kd6 33. Kd3 Rh2 34. Ne3 b5 35. Ng4 Rh3+ 36. Ke2 Rc3 37. Kd2 Rg3 38. Nxf6 Ke5 39. Nd7+ Kd4 40. Nb8 Rg2+ 41. Kd1 c5 42. Nc6+ Kc3 43. Nxa7 Rd2+ 44. Ke1 Rxc2 45. Nxb5+ Kb4 46. Nd6 Rxa2 47. e5 Ra6 48. Nc4 Kxb3 49. Nd2+ Kc3 50. Ne4+ Kd4 51. Nxg5 Kxe5 52. Bd3 Ra2 53. Nf7+ Kd4 54. Bf5 Ke3 55. Kd1 c4 56. Nd6 c3 57. Nc4+ Kd4 58. Nd6 Rd2+ 59. Kc1 Rh2 60. Nb5+ Kc4 61. Nd6+ Kb4 62. Bd3 Kb3 63. Bc4+ Kb4 64. Bd3 Rd2 65. Ne4 Rxd3 66. Nf2 Rd2 67. Nd1 Rh2 68. Ne3 Kb3 0-1


[Site "https://www.chess.com"]

[Event "Titled Tuesday Blitz June 13 Early 2023"]
[White "Freile Martin, Javier"]
[Black "Winkels, Marcel"]
[WhiteFideId "3600165"]
[BlackFideId "1003887"]
[WhiteElo "2320"]
[BlackElo "1900"]
[Result "1-0"]
[Round "8"]
[TimeControl "180+2"]
[Date "2023.06.13"]
[WhiteClock "0:02:09"]
[BlackClock "0:00:08"]
[Board "174"]

1. c4 c5 2. Nc3 g6 3. Nf3 Bg7 4. e3 d6 5. d4 cxd4 6. exd4 Nc6 7. d5 Ne5 8. Nxe5 dxe5 9. c5 Nf6 10. Bb5+ Bd7 11. c6 O-O 12. cxd7 Nxd7 13. Bxd7 Qxd7 14. O-O Rac8 15. Be3 f5 16. f3 b6 17. Qb3 Kh8 18. Rad1 f4 19. Bf2 g5 20. Ne4 g4 21. d6 e6 22. Ng5 gxf3 23. Qxe6 Qc6 24. d7 Qxe6 25. Nxe6 fxg2 26. Kxg2 1-0


[Site "https://www.chess.com"]

[Event "Titled Tuesday Blitz June 13 Early 2023"]
[White "Maluco_do_Natal_00"]
[Black "Georg, Heinz"]
[BlackFideId "4607295"]
[WhiteElo "2083"]
[BlackElo "2301"]
[Result "1-0"]
[Round "8"]
[TimeControl "180+2"]
[Date "2023.06.13"]
[WhiteClock "0:00:05"]
[BlackClock "0:00:00"]
[Board "175"]

1. e4 e5 2. Nf3 Nc6 3. Bb5 f5 4. d3 Nf6 5. Nc3 d6 6. h3 Be7 7. Bd2 O-O 8. Bc4+ Kh8 9. Qe2 Na5 10. Bb3 Nxb3 11. axb3 a6 12. b4 Bd7 13. O-O Qe8 14. d4 fxe4 15. Nxe4 Bb5 16. Nxf6 Bxe2 17. Nxe8 Bxf1 18. Nxc7 Rac8 19. Nd5 Bd8 20. Kxf1 Rxc2 21. Bc3 exd4 22. Bxd4 Bf6 23. Nxf6 gxf6 24. Re1 Rf7 25. Ng5 Rf8 26. Re7 Kg8 27. Nxh7 Rf7 28. Nxf6+ Kf8 29. Re8+ Kg7 30. Rg8+ Kh6 31. Ng4+ Kh5 32. Kg1 Rc4 33. Bc3 Re7 34. Rd8 Kg6 35. Rxd6+ Kf7 36. Rb6 Ke8 37. Kh2 Kd8 38. b5 axb5 39. Rxb5 Kc8 40. Bf6 Re6 41. Bc3 Ree4 42. Rg5 Kc7 43. Rg8 Kc6 44. Rg6+ Kb5 45. Rg5+ Ka4 46. f3 Re2 47. Ra5+ Kb3 48. Rb5+ Kc2 49. Rxb7 Ra4 50. Rc7 Kb3 51. h4 Ra1 52. h5 1-0


[Site "https://www.chess.com"]

[Event "Titled Tuesday Blitz June 13 Early 2023"]
[White "Floresvillar Gonzalez, Luis Migu"]
[Black "Liu, Kelsey"]
[WhiteFideId "5100542"]
[BlackFideId "30944481"]
[WhiteElo "2040"]
[BlackElo "2239"]
[Result "0-1"]
[Round "8"]
[TimeControl "180+2"]
[Date "2023.06.13"]
[WhiteClock "0:00:00"]
[BlackClock "0:01:04"]
[Board "176"]

1. e4 c5 2. d4 cxd4 3. c3 Nf6 4. e5 Nd5 5. Nf3 Nc6 6. cxd4 d6 7. Nc3 Nxc3 8. bxc3 Bg4 9. exd6 exd6 10. Be2 Be7 11. O-O O-O 12. Re1 d5 13. Bf4 Bd6 14. Bxd6 Qxd6 15. h3 Bh5 16. Ne5 Bxe2 17. Rxe2 Rac8 18. Rb1 b6 19. Qd3 Rc7 20. a4 Rfc8 21. Re3 Na5 22. Rc1 f6 23. Nf3 Nc4 24. Ree1 Nb2 25. Qf5 Rxc3 26. Rxc3 Rxc3 27. Qb1 Nxa4 28. Qb5 Qc6 29. Qe2 Rc1 30. Kh2 Rxe1 31. Qxe1 b5 32. Qe7 a6 33. Nh4 g6 34. Qd8+ Kf7 35. Nf3 Nc3 36. Qh8 Qc7+ 37. g3 Ke6 38. Qg8+ Kd6 0-1


[Site "https://www.chess.com"]

[Event "Titled Tuesday Blitz June 13 Early 2023"]
[White "Alexanian, Nelli"]
[Black "Mishra, Manoj"]
[WhiteFideId "4170539"]
[BlackFideId "5006007"]
[WhiteElo "2028"]
[BlackElo "1847"]
[Result "0-1"]
[Round "8"]
[TimeControl "180+2"]
[Date "2023.06.13"]
[WhiteClock "0:00:00"]
[BlackClock "0:00:14"]
[Board "177"]

1. d4 Nf6 2. c4 c5 3. d5 b5 4. a4 bxc4 5. Nc3 d6 6. e4 Ba6 7. Nf3 Nbd7 8. Bf4 Nh5 9. g3 Nxf4 10. gxf4 g6 11. Nd2 Bg7 12. Nxc4 O-O 13. Bd3 Rb8 14. Nb5 Bxb5 15. axb5 Rxb5 16. O-O Nb6 17. Nxd6 Qxd6 18. Bxb5 Qxf4 19. Ra3 Be5 20. Rh3 Qxe4 21. Re1 Qf4 22. Rg3 h5 23. Bc6 h4 24. Rh3 Nc4 25. Qf3 Nd2 26. Qxf4 Bxf4 27. Rxe7 g5 28. Rd3 g4 29. d6 Nf3+ 30. Kf1 Ne5 31. Rxe5 Bxe5 32. d7 Rd8 33. Bb7 Bd4 34. b3 f5 35. Bc8 Kf7 36. Rd1 Kf6 37. Ke2 f4 38. Rd3 f3+ 39. Ke1 Ke7 40. Rd2 Bc3 41. Kd1 Bxd2 42. Kxd2 Rxd7+ 43. Bxd7 Kxd7 44. Ke3 a5 45. Kf4 c4 46. bxc4 a4 47. Kxg4 a3 0-1


[Site "https://www.chess.com"]

[Event "Titled Tuesday Blitz June 13 Early 2023"]
[White "Porat, Tori"]
[Black "Kiseleva, Arina"]
[WhiteFideId "30982626"]
[BlackFideId "4164989"]
[WhiteElo "1752"]
[BlackElo "1701"]
[Result "0-1"]
[Round "8"]
[TimeControl "180+2"]
[Date "2023.06.13"]
[WhiteClock "0:00:50"]
[BlackClock "0:01:09"]
[Board "178"]

1. c4 e5 2. Nc3 Bb4 3. d4 exd4 4. Qxd4 Nf6 5. Bg5 Nc6 6. Qe3+ Kf8 7. Nf3 h6 8. Bh4 d6 9. g3 g5 10. Nxg5 hxg5 11. Qxg5 Ne4 12. Qe3 Rxh4 13. gxh4 Qxh4 14. Bg2 Nxc3 15. bxc3 Bc5 16. Qf3 Ne5 17. Qg3 Qf6 18. O-O c6 19. Kh1 Be6 20. Bf3 Nxf3 21. exf3 Bxc4 22. Rg1 Bd5 23. Qg8+ Ke7 24. Rae1+ Kd7 25. Qg4+ Kc7 26. Re4 Bxe4 27. fxe4 Qxf2 28. h3 Qxg1+ 29. Qxg1 Bxg1 30. Kxg1 Re8 0-1


[Site "https://www.chess.com"]

[Event "Titled Tuesday Blitz June 13 Early 2023"]
[White "Mirzanurov, Bulat"]
[Black "Skiadopoulos, Nikolaos"]
[WhiteFideId "4184521"]
[BlackFideId "4200772"]
[WhiteElo "2005"]
[BlackElo "2022"]
[Result "1-0"]
[Round "8"]
[TimeControl "180+2"]
[Date "2023.06.13"]
[WhiteClock "0:00:02"]
[BlackClock "0:00:00"]
[Board "179"]

1. e4 c5 2. Nf3 Nc6 3. Bb5 Na5 4. O-O a6 5. Be2 Nc6 6. d4 cxd4 7. Nxd4 e5 8. Nxc6 bxc6 9. Nc3 Nf6 10. Bg5 Be7 11. Qd2 O-O 12. Rad1 Rb8 13. Qc1 Qb6 14. b3 Qa5 15. Bxf6 Bxf6 16. Qb2 Rb4 17. Qc1 Rd4 18. Rxd4 exd4 19. Na4 Qe5 20. Bd3 g5 21. Nb6 Qc7 22. Nxc8 Rxc8 23. Re1 Qe5 24. Qd2 g4 25. Qe2 h5 26. Bxa6 Ra8 27. a4 Be7 28. Bc4 Bd6 29. g3 Kg7 30. Qd2 Rh8 31. Qf4 Qxf4 32. gxf4 Bxf4 33. Rd1 c5 34. Rd3 h4 35. Kg2 Kf6 36. Bd5 Ke5 37. Bxf7 Kxe4 38. Bg6+ Ke5 39. Rd1 d5 40. Re1+ Kd6 41. Bd3 Rc8 42. Bb5 c4 43. bxc4 dxc4 44. Re4 Be5 45. Rxg4 h3+ 46. Kxh3 Rh8+ 47. Rh4 Rf8 48. Kg2 Rg8+ 49. Kf1 Kd5 50. Rh5 d3 51. cxd3 c3 52. Bc4+ Kd4 53. Rh4+ Kc5 54. Bxg8 Bd4 55. Rh5+ Kb4 56. Rb5+ Ka3 57. Bb3 Kb2 58. Ke2 c2 59. Bxc2+ Kxc2 60. f4 1-0


[Site "https://www.chess.com"]

[Event "Titled Tuesday Blitz June 13 Early 2023"]
[White "Lakshmi C"]
[Black "Rodrigues Mota, Romulo Cardoso S"]
[WhiteFideId "25035347"]
[BlackFideId "2187442"]
[WhiteElo "1942"]
[BlackElo "2001"]
[Result "0-1"]
[Round "8"]
[TimeControl "180+2"]
[Date "2023.06.13"]
[WhiteClock "0:00:39"]
[BlackClock "0:01:07"]
[Board "180"]

1. d4 Nf6 2. c4 e6 3. Nc3 Bb4 4. Bd2 d5 5. e3 O-O 6. Bd3 dxc4 7. Bxc4 a6 8. Qb3 Bxc3 9. bxc3 b5 10. Bd3 c5 11. Qc2 Bb7 12. Nf3 c4 13. Be2 Ne4 14. O-O Nd7 15. a4 f5 16. Ne1 Qg5 17. f3 Nxd2 18. Qxd2 Rf6 19. axb5 axb5 20. Rxa8+ Bxa8 21. Kf2 f4 22. e4 Rh6 23. Rh1 Qh4+ 24. Kf1 Nf6 25. Qa2 Bc6 26. Qa6 Bd7 27. Qa8+ Kf7 28. Qb7 Ke7 29. Nc2 Nh5 30. Rg1 Qxh2 31. Bd1 Ng3+ 32. Kf2 Qxg1+ 33. Kxg1 Rh1+ 34. Kf2 Rf1# 0-1


[Site "https://www.chess.com"]

[Event "Titled Tuesday Blitz June 13 Early 2023"]
[White "Torres Dominguez, David"]
[Black "Omariev, Maksim"]
[WhiteFideId "2220857"]
[BlackFideId "4193423"]
[WhiteElo "1999"]
[BlackElo "2352"]
[Result "1-0"]
[Round "8"]
[TimeControl "180+2"]
[Date "2023.06.13"]
[WhiteClock "0:01:19"]
[BlackClock "0:02:00"]
[Board "181"]

1. e4 a6 2. d4 b6 3. Bd3 c6 4. Qe2 d6 5. Nf3 e6 6. O-O f6 7. c3 g6 8. Nbd2 Bg7 9. Re1 Bb7 10. a4 Nd7 11. Nf1 Ne7 12. Be3 h6 13. Qd2 Qc7 14. Rad1 Kf7 15. Rc1 Rh7 16. d5 cxd5 17. exd5 e5 18. c4 a5 19. b3 f5 20. Qa2 e4 21. Bxe4 fxe4 22. N3d2 Nc5 23. Ng3 Nd3 24. Ndxe4 Nxc1 25. Rxc1 Re8 26. Qc2 Bc8 27. h4 Nf5 28. h5 Be5 29. hxg6+ Kxg6 30. Qe2 Nxe3 31. Qh5+ Kg7 32. Qxe8 Nxd5 33. Nh5# 1-0


[Site "https://www.chess.com"]

[Event "Titled Tuesday Blitz June 13 Early 2023"]
[White "Caruana, Fabiano"]
[Black "Nakamura, Hikaru"]
[WhiteFideId "2020009"]
[BlackFideId "2016192"]
[WhiteElo "2832"]
[BlackElo "2874"]
[Result "1/2-1/2"]
[Round "9"]
[TimeControl "180+2"]
[Date "2023.06.13"]
[WhiteClock "0:00:18"]
[BlackClock "0:00:12"]
[Board "1"]

1. e4 c5 2. Nf3 Nc6 3. Bb5 g6 4. O-O Bg7 5. Re1 Nf6 6. e5 Nd5 7. Nc3 Nc7 8. Bxc6 dxc6 9. d3 Bg4 10. h3 Bxf3 11. Qxf3 Ne6 12. Bf4 O-O 13. Bh2 Nd4 14. Qd1 f6 15. exf6 exf6 16. Ne4 b6 17. c3 Nf5 18. g4 Nh6 19. Qb3+ Qd5 20. Qxd5+ cxd5 21. Nd6 Rfd8 22. Re6 Nf7 23. Rae1 Ng5 24. Re8+ Rxe8 25. Rxe8+ Rxe8 26. Nxe8 Nf3+ 27. Kh1 Ne1 28. Bb8 a5 29. Ba7 Nxd3 30. Bxb6 a4 31. Nc7 Nxf2+ 32. Kg2 Nd3 33. Nxd5 Kf7 34. b3 a3 35. Ne3 f5 36. gxf5 Bxc3 37. fxg6+ Kxg6 38. Nc2 Bb2 39. Kf3 Kf5 40. Ke3 Nb4 41. Nxb4 cxb4 42. Bc5 Bc3 43. Be7 Ke6 44. Bg5 Kd5 45. Kd3 Be5 46. Be7 Bc3 47. Bf8 Be1 48. Ke3 Bc3 49. Kd3 Be1 50. Ke3 Bc3 51. Kd3 1/2-1/2


[Site "https://www.chess.com"]

[Event "Titled Tuesday Blitz June 13 Early 2023"]
[White "Kramnik, Vladimir"]
[Black "Dubov, Daniil"]
[WhiteFideId "4101588"]
[BlackFideId "24126055"]
[WhiteElo "2703"]
[BlackElo "2793"]
[Result "0-1"]
[Round "9"]
[TimeControl "180+2"]
[Date "2023.06.13"]
[WhiteClock "0:00:00"]
[BlackClock "0:00:19"]
[Board "2"]

1. e4 c5 2. Nf3 Nc6 3. d4 cxd4 4. Nxd4 Nf6 5. Nc3 e5 6. Ndb5 d6 7. Bg5 a6 8. Na3 b5 9. Bxf6 gxf6 10. Nd5 Bg7 11. g3 Ne7 12. Nxe7 Qxe7 13. Bg2 d5 14. Qxd5 Rb8 15. O-O O-O 16. Qd1 Be6 17. c3 b4 18. Nc2 bxc3 19. bxc3 Rfd8 20. Qf3 Rb2 21. Nb4 Rdd2 22. Nd5 Qd8 23. c4 f5 24. Rad1 fxe4 25. Qxe4 Rxa2 26. Rxd2 Rxd2 27. Qe3 Rd4 28. Qb3 a5 29. Qb5 h6 30. Ne3 e4 31. h4 Bd7 32. Qc5 a4 33. Nf5 Bxf5 34. Qxf5 a3 35. c5 a2 36. c6 Rd1 37. Rxd1 Qxd1+ 38. Kh2 Qd8 39. Bxe4 a1=Q 0-1


[Site "https://www.chess.com"]

[Event "Titled Tuesday Blitz June 13 Early 2023"]
[White "Bok, Benjamin"]
[Black "Lazavik, Denis"]
[WhiteFideId "1017063"]
[BlackFideId "13515110"]
[WhiteElo "2657"]
[BlackElo "2560"]
[Result "1/2-1/2"]
[Round "9"]
[TimeControl "180+2"]
[Date "2023.06.13"]
[WhiteClock "0:02:15"]
[BlackClock "0:01:57"]
[Board "3"]

1. d4 Nf6 2. c4 e6 3. Nc3 Bb4 4. Qc2 O-O 5. a3 Bxc3+ 6. Qxc3 d5 7. Bg5 h6 8. Bxf6 Qxf6 9. Nf3 dxc4 10. Qxc4 Nc6 11. Qc3 Re8 12. Rd1 e5 13. d5 Nb8 14. e3 Bg4 15. Be2 Nd7 16. O-O Rac8 17. Qb4 Bxf3 18. Bxf3 Qb6 19. Bg4 Qxb4 20. axb4 Rcd8 21. Bxd7 Rxd7 22. e4 c6 23. dxc6 Rxd1 24. Rxd1 bxc6 25. Rd6 Rb8 26. Rxc6 Rxb4 27. f3 Rxb2 28. Rc8+ Kh7 29. Rc7 f6 30. Rxa7 1/2-1/2


[Site "https://www.chess.com"]

[Event "Titled Tuesday Blitz June 13 Early 2023"]
[White "Bortnyk, Olexandr"]
[Black "Carlsen, Magnus"]
[WhiteFideId "14120828"]
[BlackFideId "1503014"]
[WhiteElo "2733"]
[BlackElo "2858"]
[Result "0-1"]
[Round "9"]
[TimeControl "180+2"]
[Date "2023.06.13"]
[WhiteClock "0:00:00"]
[BlackClock "0:00:11"]
[Board "5"]

1. e4 e6 2. d4 d5 3. Nc3 Bb4 4. Qd3 dxe4 5. Qxe4 Nf6 6. Qh4 c5 7. dxc5 Bxc3+ 8. bxc3 Qa5 9. Bd2 Nbd7 10. Nf3 Nxc5 11. Qb4 Qc7 12. Bf4 Qe7 13. O-O-O Nd5 14. Bb5+ Kf8 15. Rxd5 exd5 16. Re1 Be6 17. Ng5 Rd8 18. Be3 d4 19. Bxd4 Qxg5+ 20. Be3 Qd5 21. Bxc5+ Kg8 22. Bd4 h6 23. Qe7 Qg5+ 24. Qxg5 hxg5 25. h3 a6 26. Bd3 Bxa2 27. Re5 f6 28. Re7 Bd5 29. f3 Rc8 30. Bf5 Ra8 31. Kd2 b5 32. Bc5 Bc4 33. Kc1 Rh4 34. Kb2 a5 35. Bd4 a4 36. Ka3 Rf4 37. Be4 Rxe4 38. fxe4 Rf8 39. e5 fxe5 40. Bxe5 Rf7 41. Rxf7 Kxf7 42. g3 Bf1 43. h4 g4 44. Bf4 g6 45. Kb4 Bc4 46. Be5 Ke6 47. Bf4 Kf5 48. Bd6 Ke4 49. Ka3 Kf3 50. Kb2 Ke2 51. Be5 Kd1 52. Bd4 Bd5 53. Be5 Be4 54. c4 b4 55. c5 Bd5 56. c3 a3+ 57. Kb1 b3 58. c4 Be4+ 59. Ka1 Kc2 0-1


[Site "https://www.chess.com"]